 Dungeon Crawl Stone Soup version 0.30-a0-394-g3e4acdb0ae (webtiles) character file.

Game seed: 13470617263408002755

30994 Shayle the Fighter (level 13, -2/95 HPs)
             Began as a Demonspawn Reaver on Dec 5, 2022.
             Was a High Priest of Hepliaklqana.
             Slain by a red devil
             ... wielding a +2 trident of flaming
              (4 damage)
             ... in a volcano on Dec 6, 2022.
             The game lasted 00:58:54 (14174 turns).

Shayle the Fighter (Demonspawn Reaver)             Turns: 14174, Time: 00:58:56

Health: -2/95      AC: 18    Str: 13    XL:     13   Next: 23%
Magic:  24/24      EV: 16    Int: 25    God:    Hepliaklqana [*****.]
Gold:   1167       SH:  0    Dex: 12    Spells: 16/27 levels left

rFire   . . .      SeeInvis .    Q - +5 sword of Power {vorpal}
rCold   + . .      Faith    .    (shield currently unavailable)
rNeg    . . .      Spirit   .    J - +3 leather armour of Grace {rElec}
rPois   .          Reflect  .    B - +0 helmet
rElec   +          Harm     .    q - +2 cloak
rCorr   .          Rampage  .    x - +0 pair of gloves
Will    .....                    g - +1 pair of boots
Stlth   +++.......               O - amulet of regeneration
HPRegen 1.15/turn                i - +6 ring of intelligence
MPRegen 0.19/turn                R - ring of protection from cold

@: mighty, agile, spiked
A: reduced essence, powered by pain 2, sharp scales 3, demonic magic 1, weakness
stinger 2
a: Renounce Religion, Recall Ancestor, Ancestor Identity, Transference, Idealise


You were in a volcano.
You worshipped Hepliaklqana.
Hepliaklqana was extremely pleased with you.
You visited 3 branches of the dungeon, and saw 16 of its levels.
You also visited: Volcano.

You collected 1167 gold pieces.

Inventory:

Hand Weapons
 a - a +0 hand axe of venom
 k - a +2 mace of protection
 Q - the +5 sword of Power (weapon) {vorpal}
   (You found it on level 10 of the Dungeon)

   It inflicts extra damage upon your enemies.
   It occasionally discharges a powerful but inaccurate bolt of energy upon
   striking a foe, with increased chance the greater the wielder's current
   health.
Missiles
 u - 5 silver javelins (quivered)
 w - 5 throwing nets
 K - 7 curare-tipped darts
Armour
 g - a +1 pair of boots (worn)
 h - a +0 kite shield
 q - a +2 cloak (worn)
 x - a +0 pair of gloves (worn)
 B - a +0 helmet (worn)
 J - the +3 leather armour of Grace (worn) {rElec}
   (You found it on level 8 of the Dungeon)

   rElec:     It insulates you from electricity.
Jewellery
 i - a +6 ring of intelligence (left hand)
 p - a ring of resist corrosion
 y - a ring of willpower
 O - an amulet of regeneration (around neck)
 R - a ring of protection from cold (right hand)
Wands
 M - a wand of flame (8)
Scrolls
 b - 2 scrolls of immolation {unknown}
 m - 3 scrolls of teleportation
 n - 2 scrolls of silence
 t - a scroll of amnesia
 z - a scroll of magic mapping
 A - a scroll of fear
 C - 2 scrolls of enchant weapon
 D - 3 scrolls of butterflies
 G - 2 scrolls of brand weapon
 H - 3 scrolls of blinking
 I - 2 scrolls of torment
 N - a scroll of poison
Potions
 d - a potion of invisibility {unknown}
 f - 2 potions of lignification
 l - 3 potions of haste
 o - 2 potions of mutation {unknown}
 r - 3 potions of degeneration {unknown}
 s - 3 potions of curing
 v - a potion of berserk rage {unknown}
 E - 2 potions of attraction {unknown}
 F - 2 potions of cancellation
 L - 2 potions of brilliance {unknown}
 P - 3 potions of ambrosia
 T - a potion of flight {unknown}
Miscellaneous
 S - a phantom mirror (inert)


   Skills:
 + Level 11.6 Fighting
 + Level 6.3 Long Blades
 - Level 2.6 Axes
 - Level 8.2 Armour
 - Level 1.7 Dodging
 - Level 8.0 Stealth
 - Level 3.0 Shields
 + Level 7.7 Spellcasting
 - Level 3.0 Conjurations
 + Level 3.3 Hexes
 + Level 3.6 Necromancy
 - Level 9.2 Fire Magic


You had 16 spell levels left.
You knew the following spells:

 Your Spells              Type           Power      Damage    Failure   Level
a - Kiss of Death         Conj/Necr      100%       2d13      1%          1
b - Scorch                Fire           100%       2d10      1%          2
c - Anguish               Hex/Necr       13%        N/A       19%         4
d - Flame Wave            Conj/Fire      40%        2d11      6%          4

Your spell library contained the following spells:

 Spells                   Type           Power      Damage    Failure   Level
 Momentum Strike          Conj/Tloc      34%        3d8       6%          2
 Static Discharge         Conj/Air       34%        2-4/arc   6%          2
 Dazzling Flash           Conj/Hex       50%        N/A       6%          3
 Apportation              Tloc           18%        N/A       8%          1
 Hailstorm                Conj/Ice       17%        3d6       12%         3
 Animate Dead             Necr           27%        N/A       17%         4
 Vhi's Electric Charge    Tloc/Air       18%        N/A       22%         3
 Iskenderun's Mystic Bla  Conj/Tloc      17%        2d5       38%         4
 Animate Armour           Summ/Erth      18%        N/A       58%         4
 Starburst                Conj/Fire      20%        6d7       67%         6
 Arcjolt                  Conj/Air       8%         1d18      75%         5
 Lightning Bolt           Conj/Air       8%         1d21      75%         5
 Alistair's Intoxication  Tmut/Pois      6%         N/A       91%         5
 Blade Hands              Tmut           4%         N/A       91%         5
 Iron Shot                Conj/Erth      8%         9d3       99%         6
 Summon Cactus Giant      Summ           4%         N/A       100%        6
 Enfeeble                 Hex            13%        N/A       100%        7
 Haunt                    Necr/Summ      9%         N/A       100%        7
 Infestation              Necr           13%        N/A       100%        8


Dungeon Overview and Level Annotations

Branches:
Dungeon (11/15)            Temple (1/1) D:6            Lair (4/5) D:9
  Swamp (0/4) Lair:3        Snake (0/4) Lair:3      Volcano (1/1)
  Slime: Lair:4-5       Orc: D:9-12

Altars:
Ashenzari
Cheibriados
Dithmenos
Fedhas
Gozag
Hepliaklqana
Kikubaaqudgha
Makhleb
Nemelex Xobeh
Okawaru
Qazlal
Ru
Sif Muna
Trog
Uskayaw
Vehumet
Wu Jian
Xom
Yredelemnul

Annotations:
D:11 3 runed translucent doors, baller8008's ghost, journeyman DECj


Innate Abilities, Weirdness & Mutations

Your life essence is reduced to manifest your ancestor. (-10% HP)
You sometimes gain power by taking damage.
You are completely covered in razor-sharp scales. (AC +3, Slay +3)
Spells you cast may paralyse adjacent enemies.
You have a tail ending in a sharp stinger.


Message History

The hell hound bites you but does no damage.
The red devil hits you from afar with a +2 trident of flaming.
* * * LOW HITPOINT WARNING * * *
Barbed spikes become lodged in your body.
The red devil burns you.
* * * LOW HITPOINT WARNING * * *
The hell hound bites you but does no damage.
Aiming: Fastroot
Press: ? - help, Shift-Dir - straight line The roots erupt in riotous growth!
Roots grab the hell hound.
The grasping roots constrict the hell hound, but do no damage.
The hell hound completely misses you. The red devil barely misses you.
Unknown command.
Aiming: Fastroot
Press: ? - help, Shift-Dir - straight line
Okay, then.
You slice the hell hound!!
You kill the hell hound!
The red devil hits you from afar with a +2 trident of flaming!
* * * LOW HITPOINT WARNING * * *
Barbed spikes become lodged in your body.
The red devil burns you.
* * * LOW HITPOINT WARNING * * *
Aiming: Fastroot
Press: ? - help, Shift-Dir - straight line, f - red devil
Aim: a red devil, wielding a +2 trident of flaming (heavily wounded)
The roots erupt in riotous growth!
Roots grab the red devil.
The now-empty wand crumbles to dust.
The grasping roots constrict the red devil.
The red devil completely misses you.
You feel better.
The grasping roots constrict the red devil.
The roots release their grip on the red devil.
The red devil hits you from afar with a +2 trident of flaming!
* * * LOW HITPOINT WARNING * * *
Barbed spikes become lodged in your body.
The red devil burns you.
You die...

##...#...≈≈§§.##
#8.8###.....##
##.## #.....#
#.# #....##
##'## ######
##...## #..†..#
#..∩..# #...@.#
###'### #.4.#
.....4.
###8_8### #...#
#####


You could see a red devil.

Vanquished Creatures
  Harold (D:10)
  A catoblepas (Lair:1)
  3 death yaks
  A sun demon (Volcano)
  An oklob plant (Lair:2)
  An ugly thing (Volcano)
  2 elephants (Lair:2)
  A black mamba (Lair:2)
  4 cane toads
  A gargoyle (D:11)
  3 komodo dragons
  A polar bear (Lair:2)
  A troll (D:9)
  A hornet (D:9)
  11 blink frogs
  2 shadows
  A vampire (D:11)
  2 wyverns
  A wraith (D:11)
  30 yaks
  A basilisk (Lair:4)
  2 fire bats (Volcano)
  3 vampire mosquitoes (D:11)
  An acid dragon (D:8)
  4 water moccasins
  A hell hound (Volcano)
  An orc warrior (D:7)
  4 black bears
  2 ice beasts
  2 sky beasts
  An ogre (D:5)
  10 wolves
  A centaur (D:9)
  A kobold brigand (D:9)
  2 scorpions
  A gnoll sergeant (D:4)
  10 bullfrogs
  A necrophage (D:4)
  8 wights
  2 killer bees (D:8)
  4 howler monkeys
  3 lava snakes (Volcano)
  5 orc priests
  2 hounds
  6 iguanas
  2 orc wizards (D:7)
  8 gnolls
  11 adders
  2 white imps
  An ufetubus (D:6)
  4 worms
  3 dart slugs
  22 orcs
  A bat (D:3)
  5 endoplasms
  A giant cockroach (D:3)
  9 goblins
  9 hobgoblins
  7 jackals (D:3)
  12 kobolds
  2 quokkas
  14 ball pythons
  2 frilled lizards
  5 rats
267 creatures vanquished.

Vanquished Creatures (collateral kills)
  A catoblepas (Lair:2)
  2 boulder beetles
  A cyclops (D:11)
  A black mamba (Lair:3)
  A cane toad (Lair:3)
  4 elephants (Lair:2)
  A komodo dragon (Lair:3)
  An unseen horror (D:10)
  A tyrant leech (Lair:3)
  A polar bear (Lair:2)
  2 blink frogs
  2 steam dragons
  14 yaks
  4 fire bats (Volcano)
  An acid dragon (D:9)
  A water moccasin (Lair:4)
  2 orc warriors
  A black bear (Lair:2)
  2 centaurs
  4 wolves (Lair:1)
  2 kobold brigands (D:8)
  2 bullfrogs (Lair:2)
  A gnoll sergeant (D:10)
  6 wights
  3 killer bees (D:8)
  A jelly (D:7)
  A lava snake (Volcano)
  2 orc priests
  A gnoll bouda (D:8)
  2 orc wizards (D:8)
  3 gnolls
  A white imp (D:8)
  3 orcs
  A kobold (D:9)
76 creatures vanquished.

Vanquished Creatures (others)
  A wizard (D:5)
  13 hexers
  A quokka (D:4)
  A bush (Lair:4)
  8 fungi
  7 plants
31 creatures vanquished.

Grand Total: 374 creatures vanquished

Notes
Turn   | Place    | Note
-------+----------+-------------------------------------------
     0 | D:1      | Shayle the Demonspawn Reaver began the quest for the Orb.
     0 | D:1      | Reached XP level 1. HP: 16/16 MP: 3/3
   171 | D:1      | Gained mutation: You are partially covered in razor-sharp
                  | scales. (AC +1, Slay +1) [demonic ancestry]
   171 | D:1      | Reached XP level 2. HP: 21/22 MP: 5/5
   248 | D:1      | Reached skill level 1 in Stealth
   286 | D:1      | You fall into a shaft and drop 1 floor!
   439 | D:1      | Reached skill level 1 in Armour
   936 | D:1      | Gained mutation: You sometimes gain a little power by
                  | taking damage. [demonic ancestry]
   936 | D:1      | Reached XP level 3. HP: 28/28 MP: 6/6
   964 | D:2      | Found a faded altar of an unknown god.
  1739 | D:3      | Reached XP level 4. HP: 34/34 MP: 7/7
  1764 | D:3      | Reached skill level 3 in Fighting
  1943 | D:3      | Found a hazy altar of Hepliaklqana.
  2076 | D:3      | Gained mutation: You have a small tail. [demonic ancestry]
  2076 | D:3      | Reached XP level 5. HP: 16/41 MP: 8/8
  2911 | D:4      | Noticed an ice beast
  2925 | D:4      | Killed an ice beast
  2926 | D:4      | Reached skill level 4 in Fighting
  2926 | D:4      | Reached XP level 6. HP: 48/48 MP: 9/9
  3060 | D:4      | Learned a level 2 spell: Scorch
  3490 | D:5      | Entered Level 5 of the Dungeon
  3554 | D:4      | Reached skill level 1 in Fire Magic
  3623 | D:5      | Gained mutation: You have a tail ending in a sharp stinger.
                  | [demonic ancestry]
  3623 | D:5      | Reached XP level 7. HP: 33/55 MP: 7/10
  3779 | D:4      | Upgraded the game from 0.30-a0-393-g54b8e3be05 to
                  | 0.30-a0-394-g3e4acdb0ae
  4378 | D:5      | Reached skill level 5 in Fighting
  4698 | D:5      | Found a bloodstained altar of Trog.
  4701 | D:5      | Noticed a wizard
  4705 | D:5      | Killed a wizard
  4842 | D:6      | Reached XP level 8. HP: 39/63 MP: 11/11
  5035 | D:6      | Found a staircase to the Ecumenical Temple.
  5041 | Temple   | Entered the Ecumenical Temple
  5129 | D:3      | Became a worshipper of Hepliaklqana the Forgotten
  5334 | D:6      | Reached skill level 5 in Stealth
  5621 | D:7      | Found an opulent altar of Gozag.
  5624 | D:7      | Found an opulent altar of Gozag.
  5624 | D:7      | Found an opulent altar of Gozag.
  5632 | D:7      | Found an opulent altar of Gozag.
  5902 | D:7      | Found an ornate altar of the Wu Jian Council.
  5955 | D:7      | Reached skill level 5 in Armour
  6047 | D:7      | Reached skill level 6 in Fighting
  6177 | D:7      | Reached * piety under Hepliaklqana
  6426 | D:7      | Found a broken altar of Ashenzari.
  6631 | D:8      | Gained mutation: You sometimes gain power by taking damage.
                  | [demonic ancestry]
  6631 | D:8      | Reached XP level 9. HP: 63/63 MP: 12/12
  6733 | D:8      | Identified the +3 leather armour of Grace {rElec}
  6754 | D:8      | Reached ** piety under Hepliaklqana
  6755 | D:8      | Remembered your ancestor Wilfreda as a hexer
  7199 | D:7      | Reached skill level 7 in Fighting
  7259 | D:8      | Reached skill level 5 in Fire Magic
  7296 | D:8      | Found a shimmering altar of Xom.
  7962 | D:9      | Gained mutation: Spells you cast may paralyse adjacent
                  | enemies. [demonic ancestry]
  7962 | D:9      | Reached XP level 10. HP: 28/68 MP: 13/13
  8137 | D:9      | Reached skill level 8 in Fighting
  8493 | D:9      | Found a staircase to the Lair.
  8534 | D:10     | Entered Level 10 of the Dungeon
  8691 | D:10     | Found a radiant altar of Vehumet.
  8810 | D:10     | Reached skill level 1 in Shields
  9078 | D:10     | Gained mutation: You are mostly covered in razor-sharp
                  | scales. (AC +2, Slay +2) [demonic ancestry]
  9078 | D:10     | Reached XP level 11. HP: 42/78 MP: 15/15
  9229 | D:10     | Reached *** piety under Hepliaklqana
  9260 | D:10     | Reached skill level 9 in Fighting
  9587 | D:10     | Noticed Harold
  9599 | D:10     | Killed Harold
  9763 | D:10     | Found the +5 sword of Power {vorpal}
  9851 | D:10     | Found a shadowy altar of Dithmenos.
 10054 | D:11     | Found a runed translucent gate.
 10054 | D:11     | Found a runed translucent gate.
 10054 | D:11     | Found a runed translucent gate.
 10055 | D:11     | Noticed baller8008's ghost (journeyman DECj)
 10228 | D:11     | Reached skill level 1 in Long Blades
 10629 | D:11     | Noticed a boulder beetle
 10646 | D:11     | Killed a boulder beetle
 10690 | D:11     | Reached **** piety under Hepliaklqana
 11302 | Lair:1   | Entered Level 1 of the Lair of Beasts
 11304 | Lair:1   | Noticed a catoblepas
 11310 | Lair:1   | Killed a catoblepas
 11366 | Lair:1   | Reached skill level 5 in Spellcasting
 11391 | Lair:1   | Reached skill level 10 in Fighting
 11527 | Lair:1   | Gained mutation: You are completely covered in razor-sharp
                  | scales. (AC +3, Slay +3) [demonic ancestry]
 11527 | Lair:1   | Reached XP level 12. HP: 62/87 MP: 20/20
 12270 | Lair:2   | Reached skill level 5 in Long Blades
 12357 | Lair:2   | Reached skill level 11 in Fighting
 12508 | Lair:2   | Noticed a death yak
 12573 | Lair:2   | Noticed a catoblepas
 12584 | Lair:2   | Killed a catoblepas
 12597 | Lair:2   | Learned a level 4 spell: Anguish
 12840 | Lair:2   | Noticed a death yak
 12844 | Lair:2   | Noticed a death yak
 12844 | Lair:2   | Noticed a death yak
 12851 | Lair:2   | Noticed a death yak
 12877 | Lair:1   | Killed a death yak
 12878 | Lair:1   | Reached skill level 1 in Hexes
 12878 | Lair:1   | Reached skill level 1 in Necromancy
 12903 | Lair:2   | Noticed a death yak
 12913 | Lair:1   | Killed a death yak
 12955 | Lair:2   | Killed a death yak
 13074 | Lair:3   | Found a staircase to the Snake Pit.
 13218 | Lair:3   | Reached ***** piety under Hepliaklqana
 13398 | Lair:3   | Reached XP level 13. HP: 47/95 MP: 24/24
 13566 | Lair:3   | Found a staircase to the Swamp.
 14011 | Lair:4   | Found a dark tunnel.
 14020 | Volcano  | Entered a volcano
 14026 | Volcano  | Learned a level 4 spell: Flame Wave
 14141 | Volcano  | Found a radiant altar of Vehumet.
 14174 | Volcano  | HP: 2/95 [red devil/+2 trident of flaming (13)]
 14174 | Volcano  | Slain by a red devil

Illustrated notes

Levels and vault maps discovered:
D:1:      denvon_arrival_waterhouse, layout_basic, serial_forest,
          infiniplex_forest_corner_1, infiniplex_forest_straight_2,
          infiniplex_forest_straight_3, infiniplex_forest_fountain,
          infiniplex_forest_end_3, infiniplex_forest_lined_1,
          infiniplex_forest_straight_1, infiniplex_forest_end_1,
          infiniplex_forest_lined_room_2, infiniplex_forest_zigzag_1
D:2:      layout_basic, nicolae_ecumenical_oubliette
D:3:      layout_basic, jmf_multi_god_temple, zin_scriptorium,
          skrybe_limestone_x, nrook_mini_vaults, chequers_garden,
          nrook_loot_triangle, nrook_mini_backslash, hangedman_decor_points,
          minmay_snake_closets
D:4:      layout_rooms, elyvilon_altar_4
D:5:      layout_rooms, trog_wizard, dk_vineyard_2
D:6:      layout_basic, minmay_temple_entry_enclosed_plants,
          kennysheep_small_circle
D:7:      layout_basic, kennysheep_little_box, nzn_wu_jian_contemplation,
          nicolae_gozag_conspicuous_consumption
D:8:      layout_basic, xom_confusion_cloud, st_stairs_13
D:9:      layout_rooms, lair_entry_dummy
D:10:     layout_stronghold, mainiacjoe_overflow_paths, grunt_dithmenos_shadows,
          uniq_harold
D:11:     layout_basic, ebering_ghost_rock_garden
Temple:   minmay_freezing_vapour_temple
Lair:1:   layout_roguey
Lair:2:   layout_chaotic_city, grunt_megastairs_3
Lair:3:   layout_big_grid, minmay_swamp_entry_worms, dummy_snake_entry
Lair:4:   layout_cave_pods, nicolae_volcano_entry_two_sided,
          beast_lair_carwin_1, grunt_megastairs_4
Volcano:  volcano_grotto [vgs_original]

Skill      XL: |  1  2  3  4  5  6  7  8  9 10 11 12 13 |
---------------+----------------------------------------+-----
Stealth        | 1 2 3 4 6 7 8 |  8.0
Armour         | 1 2 3 4 5 6 7 8 |  8.2
Fighting       | 3 4 5 6 7 8 10 11 | 11.6
Fire Magic     | 1 2 4 5 6 8 9 |  9.2
Shields        | 2 3 |  3.0
Spellcasting   | 3 5 7 |  7.7
Long Blades    | 3 5 6 |  6.3
Hexes          | 2 3 |  3.3
Necromancy     | 2 3 |  3.6
Axes           | |  2.6
Dodging        | |  1.7
Conjurations   | |  3.0

Action                   |  1- 3 |  4- 6 |  7- 9 | 10-12 | 13-15 || total
-------------------------+-------+-------+-------+-------+-------++-------
Melee: Hand axe          |   118 |   189 |   288 |   121 |       ||   716
       Punch             |     1 |       |       |       |       ||     1
       Tailslap          |       |    16 |    60 |    55 |    10 ||   141
       Great sword       |       |       |       |   230 |    56 ||   286
Throw: Javelin           |       |     4 |       |       |       ||     4
       Throwing net      |       |     1 |       |       |       ||     1
 Cast: Scorch            |       |     4 |     7 |    17 |       ||    28
Invok: Recall Ancestor   |       |       |     1 |       |       ||     1
       Ancestor Life: He |       |       |     1 |       |       ||     1
Evoke: Wand              |       |       |       |    11 |     2 ||    13
       Phantom mirror    |       |       |       |     1 |       ||     1
  Use: Potion            |       |     3 |     1 |     4 |     8 ||    16
       Scroll            |       |    10 |       |     8 |     2 ||    20
 Stab: Sleeping          |     1 |     5 |       |     4 |     1 ||    11
       Confused          |       |       |     3 |     5 |     2 ||    10
       Distracted        |       |       |     1 |     4 |       ||     5
       Paralysed         |       |       |       |     2 |       ||     2
Armor: Leather armour    |    28 |    95 |   163 |   234 |    27 ||   547
       Skin              |       |       |       |       |     5 ||     5
Dodge: Dodged            |    61 |   141 |   164 |   236 |    38 ||   640
Block: Kite shield       |       |       |    92 |    62 |       ||   154

Table legend: (Time is in decaauts)
 A = Elapsed time spent in this place.
 B = Non-inter-level travel time spent in this place.
 C = Inter-level travel time spent in this place.
 D = Time resting spent in this place.
 E = Time spent auto-exploring this place.
 F = Levels seen in this place.
 G = Mean time per level.
                   A        B        C        D        E       F      G
               +--------+--------+--------+--------+--------+-----+--------+
         Total |  14515 |  13739 |    776 |   2592 |   6874 |  17 |  853.8 |
       Dungeon |  11545 |  10848 |    697 |   2225 |   5538 |  11 | 1049.5 |
        Temple |      1 |      0 |      1 |      0 |      0 |   1 |    1.0 |
          Lair |   2804 |   2726 |     78 |    347 |   1336 |   4 |  701.0 |
       Volcano |    163 |    163 |      0 |     20 |      0 |   1 |  163.0 |
               +--------+--------+--------+--------+--------+-----+--------+

Top non-repeatable levels by time:
    D:10: 1436 daAuts
    D:11: 1363 daAuts
     D:4: 1271 daAuts
     D:3: 1210 daAuts
  Lair:2: 1140 daAuts
     D:7: 1059 daAuts
     D:8: 1015 daAuts
     D:1: 990 daAuts
     D:6: 968 daAuts
     D:5: 802 daAuts
  Lair:3: 746 daAuts
     D:9: 721 daAuts
  Lair:1: 713 daAuts
     D:2: 705 daAuts
  Lair:4: 204 daAuts
